 Dungeon Crawl Stone Soup version 0.31-a0-631-g285b096dc4 (webtiles) character file.

Game seed: 17249180285729615683

1110 Dittersdorf the Covered (level 8, -13/51 HPs)
             Began as a Gargoyle Fighter on Aug 25, 2023.
             Mangled by an orc warrior
             ... wielding a +0 glaive
              (17 damage)
             ... on level 6 of the Dungeon.
             The game lasted 00:06:14 (4465 turns).

Dittersdorf the Covered (Gargoyle Fighter)          Turns: 4465, Time: 00:06:14

Health: -13/51     AC: 22    Str: 21    XL:     8   Next: 33%
Magic:  8/8        EV:  8    Int: 10    God:
Gold:   283        SH:  6    Dex: 15    Spells: 7/7 levels left

rFire   . . .        j - +0 morningstar
rCold   . . .        c - +0 buckler
rNeg    + . .        m - +0 chain mail
rPois   ∞            (no helmet)
rElec   +            (no cloak)
rCorr   .            a - +0 pair of gloves
SInv    .            q - +0 pair of boots
Will    .....        h - amulet of magic regeneration Stlth
                     g - +4 ring of protection
HPRegen 0.28/turn    k - +6 ring of dexterity
MPRegen 0.51/turn

%: no passive effects
@: no status effects
A: sickness immunity, AC +5, negative energy resistance 1, electricity
resistance, torment resistance 1, petrification resistance
a: no special abilities


You were on level 6 of the Dungeon.
You visited 1 branch of the dungeon, and saw 6 of its levels.

You collected 283 gold pieces.

Inventory:

Hand Weapons
 j - a +0 morningstar (weapon)
Armour
 a - a +0 pair of gloves (worn)
 c - a +0 buckler (worn)
 m - a +0 chain mail (worn)
 q - a +0 pair of boots (worn)
Jewellery
 g - a +4 ring of protection (left hand)
 h - an amulet of magic regeneration (around neck)
 k - a +6 ring of dexterity (right hand)
Wands
 f - a wand of acid (10)
Scrolls
 l - a scroll of blinking {unknown}
 n - a scroll of revelation
Potions
 d - 2 potions of might
 i - 5 potions of berserk rage
 o - a potion of haste
 p - 2 potions of invisibility
 r - 5 potions of curing


   Skills:
 + Level 6.1 Fighting
 + Level 5.1 Maces & Flails
 + Level 6.2 Armour
 + Level 6.1 Shields


You had 7 spell levels left.
You didn't know any spells.
Your spell library was empty.

Dungeon Overview and Level Annotations

Branches:
Dungeon (6/15)
 Temple: D:4-7

Altars:
Hepliaklqana
Kikubaaqudgha
Trog
Xom

Shops:
D:1 *   D:2 *(?   D:6 !

Annotations:
D:3 3 runed translucent doors, Juicyj's ghost, amateur MiFi


Innate Abilities, Weirdness & Mutations

You are immune to sickness and miasma.
Your stone body is resilient. (AC +5)
You are immune to poison.
You resist negative energy. (rN+)
You are resistant to electric shocks. (rElec)
You are resistant to unholy torment.
You are immune to petrification.


Message History

The orc warrior hits you but does no damage.
There is a stone staircase leading up here.
You can't go down here!
The orc warrior barely misses you.
You climb upwards.
There is a stone staircase leading down here.
You start resting.
HP restored.
You climb downwards.
There is a stone staircase leading up here.
The orc warrior barely misses you.
You completely miss the orc warrior.
The orc warrior hits you with a +0 glaive.
You hit the orc warrior but do no damage.
The orc warrior hits you with a +0 glaive.
You barely miss the orc warrior.
The orc warrior hits you with a +0 glaive.
You completely miss the orc warrior.
The orc warrior hits you but does no damage.
You block the orc warrior's attack.
You hit the orc warrior but do no damage.
The orc warrior hits you but does no damage.
You barely miss the orc warrior.
The orc warrior hits you with a +0 glaive.
You barely miss the orc warrior. You block the orc warrior's attack.
You barely miss the orc warrior. You block the orc warrior's attack.
The orc warrior hits you with a +0 glaive.
You barely miss the orc warrior.
The orc warrior hits you but does no damage.
You hit the orc warrior but do no damage.
You block the orc warrior's attack.
You puncture the orc warrior!
The orc warrior is moderately wounded.
The orc warrior hits you with a +0 glaive!
You sock the orc warrior!
The orc warrior is severely wounded.
The orc warrior hits you with a +0 glaive! x2
* * * LOW HITPOINT WARNING * * *
The orc warrior hits you from afar with a +0 glaive!
You die...

######...................
#.....#........................
#.....#........................
+.....#........................
##.....#...####'################
#......#...###........#...##....
.#......#.....#........#....#....
.#......#.....#........#....#....
.#......#.....#.@......#....#....
.#....).'.....#........#....#....
.#......#(....o...[....#....#....
.'......#.....#........+....#....
'#......#####+#........#'####....
................######.....######
................#....'.....#.....
................#....#.....#.....
................#....#.....#.....


You could see an orc warrior.

Vanquished Creatures
  A water moccasin (D:4)
  A centaur (D:5)
  An ogre (D:6)
  A phantom (D:5)
  A kobold brigand (D:4)
  2 scorpions
  A jelly (D:6)
  5 hounds
  2 orc priests
  2 iguanas (D:5)
  Natasha (D:3)
  3 orc wizards
  9 adders
  A white imp (D:6)
  A worm (D:3)
  4 dart slugs
  10 orcs
  11 ball pythons
  10 bats
  8 endoplasms
  4 giant cockroaches
  4 goblins
  3 hobgoblins
  2 quokkas
  6 frilled lizards
  3 kobolds
  4 rats
101 creatures vanquished.

Vanquished Creatures (others)
  A ball python (D:3)
1 creature vanquished.

Grand Total: 102 creatures vanquished

Notes
Turn   | Place    | Note
-------+----------+-------------------------------------------
     0 | D:1      | Dittersdorf the Gargoyle Fighter began the quest for the
                  | Orb.
     0 | D:1      | Reached XP level 1. HP: 14/14 MP: 1/1
   338 | D:1      | Reached XP level 2. HP: 19/19 MP: 2/2
   499 | D:1      | Found Motzumawu's Assorted Antiques.
   701 | D:1      | Reached XP level 3. HP: 23/23 MP: 3/3
   865 | D:2      | Found Guczadirgh's General Store.
  1048 | D:2      | Found Nolef's Weapon Boutique.
  1137 | D:2      | Reached XP level 4. HP: 28/29 MP: 4/4
  1291 | D:2      | Found Ytaceczu's Magic Scroll Emporium.
  1517 | D:3      | Found a shimmering altar of Xom.
  1520 | D:3      | Noticed Natasha
  1679 | D:3      | Killed Natasha
  1680 | D:3      | Reached XP level 5. HP: 25/33 MP: 5/5
  1791 | D:3      | Found a hazy altar of Hepliaklqana.
  1904 | D:3      | Found an ancient bone altar of Kikubaaqudgha.
  1943 | D:3      | Found a faded altar of an unknown god.
  2113 | D:3      | Found a runed translucent gate.
  2113 | D:3      | Found a runed translucent gate.
  2113 | D:3      | Found a runed translucent gate.
  2119 | D:3      | Noticed Juicyj's ghost (amateur MiFi)
  2592 | D:4      | Noticed a kobold brigand
  2609 | D:4      | Killed a kobold brigand
  2610 | D:4      | Reached XP level 6. HP: 30/39 MP: 6/6
  2660 | D:4      | Noticed a water moccasin
  2671 | D:4      | Killed a water moccasin
  2877 | D:4      | You fall into a shaft and drop 2 floors!
  2880 | D:6      | Found Quop's Distillery.
  2891 | D:5      | Entered Level 5 of the Dungeon
  2907 | D:5      | Reached skill level 5 in Armour
  3016 | D:4      | Reached skill level 5 in Fighting
  3016 | D:4      | Reached skill level 5 in Shields
  3086 | D:4      | Reached XP level 7. HP: 41/44 MP: 7/7
  3710 | D:5      | Found a bloodstained altar of Trog.
  3861 | D:6      | Noticed a +0 dagger
  3861 | D:6      | Noticed a +0 falchion
  3861 | D:6      | Noticed a +0 short sword
  4086 | D:5      | Reached XP level 8. HP: 41/51 MP: 8/8
  4221 | D:6      | Reached skill level 5 in Maces & Flails
  4465 | D:6      | Mangled by an orc warrior

Illustrated notes

Levels and vault maps discovered:
D:1:      grunt_arrival_crossed_arrows, layout_loops_corners, serial_shops,
          nicolae_lakefront_shop
D:2:      layout_rooms, serial_shops, nicolae_shop_advertising_works
          [nicolae_subvault_shop_adworks], shop, shop, hangedman_decor_push,
          ebering_dispersal_statue_hall, minmay_pentomino_x4
D:3:      layout_basic, lemuel_round_altar, kiku_gazebo_garden_becter,
          xom_confusion_cloud, gammafunk_ghost_necromancy,
          hellmonk_ecumenical_altar_blasted, uniq_natasha
D:4:      layout_loops_ring, st_stairs_9
D:5:      layout_rooms, lemuel_round_altar
D:6:      layout_gridville, nicolae_uskayaw_en_pointe, serial_shops, shop

Skill      XL: |  1  2  3  4  5  6  7  8 |
---------------+-------------------------+-----
Armour         | 4 5 6 |  6.2
Fighting       | 4 5 6 |  6.1
Shields        | 4 5 6 |  6.1
Maces & Flails | 3 4 5 |  5.1

Action                     |  1- 3 |  4- 6 |  7- 9 || total
---------------------------+-------+-------+-------++-------
  Melee: Flail             |   145 |   174 |       ||   319
         Morningstar       |       |    24 |   108 ||   132
  Throw: Dart              |       |       |     2 ||     2
    Use: Scroll            |       |     7 |     1 ||     8
 Armour: Scale mail        |    82 |   121 |    73 ||   276
         Chain mail        |       |       |    10 ||    10
  Dodge: Dodged            |    91 |    72 |    54 ||   217
  Block: Buckler           |    43 |    54 |    30 ||   127

Table legend: (Time is in decaauts)
 A = Elapsed time spent in this place.
 B = Non-inter-level travel time spent in this place.
 C = Inter-level travel time spent in this place.
 D = Time resting spent in this place.
 E = Time spent auto-exploring this place.
 F = Levels seen in this place.
 G = Mean time per level.
                   A        B        C        D        E       F      G
               +--------+--------+--------+--------+--------+-----+--------+
         Total |   4623 |   4479 |    144 |    338 |   2991 |   6 |  770.5 |
       Dungeon |   4623 |   4479 |    144 |    338 |   2991 |   6 |  770.5 |
               +--------+--------+--------+--------+--------+-----+--------+

Top non-repeatable levels by time:
     D:3: 1041 daAuts
     D:1: 900 daAuts
     D:4: 841 daAuts
     D:5: 840 daAuts
     D:2: 607 daAuts
     D:6: 391 daAuts
